 Dungeon Crawl Stone Soup version 0.14.2 (webtiles) character file.

231068 theanonym the Executioner (level 18, 0/174 HPs)
             Began as a Minotaur Berserker on Nov 11, 2017.
             Was a High Priest of Trog.
             Killed from afar by a greater naga (29 damage)
             ... with a poison arrow
             ... on Level 5 of the Snake Pit.
             The game lasted 03:23:50 (46163 turns).

theanonym the Executioner (Minotaur Berserker)     Turns: 46163, Time: 03:23:51

HP   0/174       AC 31     Str 29      XL: 18   Next: 73%
MP   3/7         EV 13     Int  4      God: Trog [*****.]
Gold 1571        SH  0     Dex 13      Spells:  0 memorised, 17 levels left

rFire  + . .     SeeInvis .     k - +8,+10 executioner's axe of Frustration {god gift, vamp, +Fly rN+}
rCold  + + +     Clarity  .     Q - +4 plate armour {rC+}
rNeg   + . .     Conserve .     (no shield)
rPois  +         rCorr    .     (helmet restricted)
rElec  +         rRot     .     m - +1 cloak {rC+}
SustAb . .       Spirit   .     w - +2 pair of gloves
rMut   +         Warding  .     M - +2 pair of boots {run}
Saprov . . .     Stasis   .     C - amulet "Atufoa" {rMut Str+1 Acc+4}
MR     +++..                    Z - ring "Qoteke Fray" {rElec rF+ rC++ Dex+1}
                                u - ring of poison resistance {rPois}

@: regenerating, exhausted, lethally poisoned, very slightly contaminated,
hasted and slowed, constricted, quick, extremely resistant to hostile
enchantments, extremely unstealthy
A: retaliatory headbutt, horns 2
a: Burn Spellbooks, Berserk, Trog's Hand, Brothers in Arms, Renounce Religion,
Evoke Flight
}: 1/15 runes: decaying


Innate Abilities, Weirdness & Mutations

You reflexively headbutt those who attack you in melee.
You have a pair of horns on your head.


   Skills:
 + Level 18.9 Fighting
 * Level 23.0 Axes
 + Level 15.8 Armour
 + Level 15.4 Dodging
   Level 12.0 Shields


You had 17 spell levels left.
You didn't know any spells.

Action                   |  1- 3 |  4- 6 |  7- 9 | 10-12 | 13-15 | 16-18 || total
-------------------------+-------+-------+-------+-------+-------+-------++-------
Melee: Hand axe          |    76 |   177 |   394 |   193 |       |       ||   840
       Broad axe         |       |       |       |   756 |  1057 |       ||  1813
       Executioner's axe |       |       |       |       |   177 |  1272 ||  1449
Throw: Dart              |     6 |       |    12 |     6 |    13 |       ||    37
       Stone             |     5 |       |       |       |       |       ||     5
Invok: Berserk           |     3 |     1 |     6 |    10 |     8 |     6 ||    34
       Trog's Hand       |       |     1 |     6 |    12 |    15 |    33 ||    67
       Burn Spellbooks   |       |     1 |     1 |       |     6 |     6 ||    14
       Brothers in Arms  |       |       |       |     1 |     7 |     2 ||    10
Evoke: Wand              |       |       |     1 |     3 |    14 |     4 ||    22
  Use: Scroll            |       |     4 |    10 |     9 |    20 |    13 ||    56
       Potion            |       |       |     7 |    16 |     1 |     5 ||    29
 Stab: Invisible         |       |       |       |     2 |       |       ||     2
       Distracted        |       |       |       |     1 |       |     1 ||     2
       Confused          |       |       |       |       |       |     1 ||     1

Inventory:

Hand weapons
 h - a +3,+4 broad axe of flaming
   (You took it off a hell knight in a volcano)
 k - the +8,+10 executioner's axe of Frustration (weapon) {god gift, vamp, +Fly rN+}
   (Trog gifted it to you on level 13 of the Dungeon)

   It inflicts no extra harm, but heals its wielder somewhat when it strikes a
   living foe.
   It protects you from negative energy.
   It lets you fly.
Armour
 m - a +1 cloak of cold resistance (worn)
   (You found it in an ice cave)
 w - a +2 pair of gloves (worn)
   (You bought it in a shop on level 4 of the Snake Pit)
 M - a +2 pair of boots of running (worn)
   (You bought it in a shop on level 3 of the Orcish Mines)
 Q - a +4 plate armour of cold resistance (worn)
   (You took it off an orc warlord on level 3 of the Orcish Mines)
Magical devices
 D - a wand of disintegration (11)
   (You found it on level 2 of the Lair of Beasts)
 K - a wand of teleportation (3)
   (You found it on level 8 of the Dungeon)
 O - a wand of digging (12)
   (You found it on level 10 of the Dungeon)
 T - a wand of hasting (3)
   (You found it on level 8 of the Lair of Beasts)
Comestibles
 c - 14 bread rations
 n - 11 meat rations
 q - a royal jelly
 v - 2 rotting chunks of naga flesh
Scrolls
 g - 3 scrolls of fear {!r}
 o - 9 scrolls of remove curse
 r - 5 scrolls of identify
 t - a scroll of summoning
 x - a scroll of enchant weapon I
 z - 5 scrolls of immolation
 A - 5 scrolls of recharging
 G - 6 scrolls of fog {!r}
 J - 5 scrolls of magic mapping {!r}
 L - 2 scrolls of blinking
 S - 4 scrolls of enchant armour
 W - 9 scrolls of teleportation {!r}
Jewellery
 a - an uncursed amulet of resist corrosion
   (You found it on level 2 of the Swamp)
 d - an uncursed ring of see invisible {sInv}
   (You found it on level 2 of the Snake Pit)
 e - an uncursed ring of sustain abilities
   (You took it off a hobgoblin on level 1 of the Dungeon)
 p - the ring "Ibloiq" {Str+4 Dex+2 Int+3}
   (You found it on level 1 of the Snake Pit)

   [ring of strength]

   It affects your strength (+4).
   It affects your intelligence (+3).
   It affects your dexterity (+2).
 u - a ring of poison resistance (left hand) {rPois}
   (You found it on level 15 of the Dungeon)
 y - an uncursed ring of protection from magic {MR+}
   (You found it on level 2 of the Swamp)
 B - an uncursed ring of positive energy {rN+}
   (You found it on level 8 of the Dungeon)
 C - the amulet "Atufoa" (around neck) {rMut Str+1 Acc+4}
   (You took it off a deep elf conjurer on level 1 of the Elven Halls)

   [amulet of resist mutation]

   It affects your strength (+1).
   It affects your accuracy with ranged weapons and melee attacks (+4).
 I - an uncursed ring of protection from fire {rF+}
   (You found it on level 6 of the Dungeon)
 N - a +4 ring of evasion
   (You found it on level 15 of the Dungeon)
 X - an uncursed amulet of conservation
   (You found it on level 10 of the Dungeon)
 Z - the ring "Qoteke Fray" (right hand) {rElec rF+ rC++ Dex+1}
   (You found it on level 8 of the Lair of Beasts)

   [ring of protection from fire]

   It affects your dexterity (+1).
   It greatly protects you from cold.
   It insulates you from electricity.
Potions
 b - 3 potions of agility
 f - 16 potions of curing
 j - 2 potions of invisibility
 s - 5 potions of haste
 E - 7 potions of heal wounds
 H - 2 potions of flight
 R - 10 potions of might
 V - 4 potions of restore abilities
Miscellaneous
 l - a stone of tremors
   (You found it on level 1 of the Swamp)

Dungeon Overview and Level Annotations

Branches:
Dungeon (15/15)            Temple (0/1) D:7             Orc (4/4) D:10
    Elf (3/3) Orc:4          Lair (8/8) D:11          Swamp (5/5) Lair:5
  Snake (5/5) Lair:5        Slime (0/6) Lair:8       Vaults (0/5) D:14
 Depths (0/5) D:15

Altars:
Ashenzari
Dithmenos
Elyvilon
Makhleb
Trog
Yredelemnul
The Shining One
Beogh

Shops:
D:9 (   D:15 (   Orc:1 (   Orc:2 %   Orc:3 *   Orc:4 [**!   Snake:1 :?[!}
Snake:4 [[[

Portals:
Hell: Lair:8

Annotations:
Lair:8 exclusion: oklob plant


You were on level 5 of the Snake Pit.
You worshipped Trog.
Trog was extremely pleased with you.
You were hungry.

You visited 6 branches of the dungeon, and saw 40 of its levels.
You also visited: Labyrinth, Ice Cave and Volcano.

You collected 3775 gold pieces.
You spent 2204 gold pieces at shops.


Message History

The naga warrior spits poison at you. The splash of poison hits you!
You resist.
The naga sharpshooter shoots an arrow.
The arrow hits you!
The greater naga hits you but does no damage.
The greater naga constricts you.
A naga mage comes into view. It is wielding a battleaxe.
You hit the greater naga.
You feel better.
You headbutt the greater naga.
The greater naga is heavily wounded.
The naga sharpshooter casts a spell.
Magically, the naga sharpshooter shoots a bolt.
The bolt hits you!
The naga sharpshooter shoots an arrow.
The arrow misses you.
The arrow hits the greater naga.
The naga sharpshooter shoots a poisoned bolt.
The poisoned bolt hits you! The naga warrior spits poison at you.
The splash of poison hits you! You resist.
The greater naga hits you with a long sword!
The greater naga constricts you.
The greater naga points at you and mumbles some strange words.
The poison arrow hits you!
You are poisoned.
You partially resist.
* * * LOW HITPOINT WARNING * * *
A naga mage comes into view. It is wielding a trident.
You are too injured to fight recklessly!
You are too injured to fight recklessly!
You are too injured to fight recklessly!
You are too injured to fight recklessly!
You are too injured to fight recklessly!
You are too injured to fight recklessly!
You are too injured to fight recklessly!
You are too injured to fight recklessly!
You are too injured to fight recklessly!
You are too injured to fight recklessly!
You are too injured to fight recklessly!
You are too injured to fight recklessly!
You are too injured to fight recklessly!
You are too injured to fight recklessly!
You are too injured to fight recklessly!
You are too injured to fight recklessly!
You are too injured to fight recklessly!
You are too injured to fight recklessly!
You are too injured to fight recklessly!
Drink which item? (? for menu, Esc to quit)
You can't drink that!
Unknown command.
Drink which item? (? for menu, Esc to quit)
You feel yourself speed up.
You feel sick.
The greater naga hits you but does no damage.
The greater naga casts a spell at you. The poison arrow misses you.
The greater naga constricts you.
The naga sharpshooter mumbles some strange words.
Magically, the naga sharpshooter shoots an arrow.
The arrow hits you!
* * * LOW HITPOINT WARNING * * *
The naga sharpshooter shoots a bolt.
The bolt misses you.
The naga hits you with an uncursed dire flail!
* * * LOW HITPOINT WARNING * * *
The naga warrior spits poison at you. The splash of poison misses you.
The naga sharpshooter shoots a poisoned bolt.
The poisoned bolt hits you!
The greater naga hits you but does no damage. x2
* * * LOW HITPOINT WARNING * * *
The greater naga constricts you.
The naga sharpshooter mumbles some strange words.
Magically, the naga sharpshooter shoots an arrow.
The arrow hits you!
* * * LOW HITPOINT WARNING * * *
The naga hits you with an uncursed dire flail.
* * * LOW HITPOINT WARNING * * *
The naga sharpshooter shoots a bolt.
The bolt hits you!
* * * LOW HITPOINT WARNING * * *
You are very lightly contaminated with residual magic.
A naga mage, a greater naga and a naga sharpshooter come into view.
Unknown command.
Read which item? (? for menu, Esc to quit)
Blink to where?
Press: ? - help, Dir - move target cursor Your attempt to break free from the greater naga fails, but you feel that another attempt might succeed.
The greater naga hits you but does no damage.
The naga mage casts a spell.
The naga mage seems to speed up.
The greater naga completely misses you. The greater naga constricts you.
The naga sharpshooter mumbles some strange words.
Magically, the naga sharpshooter shoots an arrow of flame.
The arrow of flame misses you.
The greater naga mumbles some strange words.
The greater naga seems to speed up.
The naga sharpshooter shoots an arrow.
The arrow hits you!
* * * LOW HITPOINT WARNING * * *
The greater naga gestures at you while chanting.
You resist with almost no effort.
Drink which item? (? for menu, Esc to quit)
You feel much better.
You feel sick.
The greater naga points at you and mumbles some strange words.
The poison arrow hits you!
You are more poisoned.
You partially resist.
You die...

#....))......##
######)..##...##
######............
###....#............
##.....)#((.......$.
#......N)...(#.....#
#......NN...........
##....NNN##..#......
#......#@N##....⌠..
#....N.()(N#......
#........#NN..#..
#........N.N....
#..#.......NN... ..
##........NN
.(......N.
#........# ##.......


You could see 2 naga warriors, 4 greater nagas, 6 naga sharpshooters, 3 naga
magi and 3 nagas.

Notes
Turn   | Place    | Note
--------------------------------------------------------------
     0 | D:1      | theanonym, the Minotaur Berserker, began the quest for the Orb.
     0 | D:1      | Reached XP level 1. HP: 19/19 MP: 1/1
   122 | D:1      | Reached skill level 4 in Axes
   158 | D:1      | HP: 8/19 [giant gecko (2)]
   302 | D:1      | HP: 12/28 [hobgoblin/hand axe (4)]
   434 | D:1      | Reached XP level 2. HP: 15/26 MP: 1/1
   591 | D:1      | HP: 13/26 [poisoned by a giant mite]
   596 | D:1      | HP: 12/26 [poisoned by a giant mite]
   604 | D:1      | HP: 10/26 [poisoned by a giant mite]
   765 | D:1      | Reached skill level 5 in Axes
   814 | D:1      | HP: 11/26 [goblin/runed dagger (4)]
  1022 | D:1      | Reached XP level 3. HP: 27/31 MP: 2/2
  1259 | D:1      | Acquired Trog's second power
  1779 | D:2      | Noticed Terence
  1783 | D:2      | Killed Terence
  1783 | D:2      | Reached XP level 4. HP: 40/40 MP: 2/2
  2105 | D:2      | Reached skill level 4 in Fighting
  2558 | D:3      | Reached skill level 6 in Axes
  2784 | D:3      | Reached XP level 5. HP: 47/47 MP: 2/2
  3001 | D:3      | Found a shadowy altar of Dithmenos.
  3014 | D:3      | Found a bloodstained altar of Trog.
  3170 | D:3      | Found a glowing golden altar of the Shining One.
  3170 | D:3      | Found a shattered altar of Ashenzari.
  3437 | D:3      | Reached skill level 7 in Axes
  3801 | D:4      | Noticed Ijyb
  3813 | D:4      | Killed Ijyb
  3912 | D:4      | Reached skill level 5 in Fighting
  3912 | D:4      | Reached XP level 6. HP: 52/56 MP: 3/3
  4139 | D:5      | Entered Level 5 of the Dungeon
  4352 | D:5      | Reached skill level 8 in Axes
  4644 | D:5      | Reached XP level 7. HP: 52/62 MP: 3/3
  4882 | D:5      | Noticed Rhok's ghost (experienced MiFi)
  4900 | D:5      | Killed Rhok's ghost
  4900 | D:5      | Reached skill level 6 in Fighting
  4900 | D:5      | Reached skill level 9 in Axes
  5374 | D:6      | Reached skill level 7 in Fighting
  5382 | D:6      | Reached XP level 8. HP: 51/73 MP: 3/3
  5386 | D:6      | Reached skill level 10 in Axes
  5390 | D:6      | Paralysed by a giant eyeball for 4 turns
  5530 | D:6      | Acquired Trog's third power
  5762 | D:6      | Paralysed by a giant eyeball for 2 turns
  5859 | D:6      | Reached skill level 8 in Fighting
  5859 | D:6      | Reached skill level 11 in Axes
  6129 | D:6      | Noticed Crazy Yiuf
  6135 | D:6      | Killed Crazy Yiuf
  6213 | D:7      | HP: 20/75 [something (32)]
  6218 | D:7      | HP: 19/75 [phantom (4)]
  6224 | D:6      | HP: 24/75 [crimson imp/hand axe (2)]
  6229 | D:6      | Reached XP level 9. HP: 69/82 MP: 4/4
  6252 | D:6      | Reached skill level 12 in Axes
  6275 | D:7      | Found a staircase to the Ecumenical Temple.
  6374 | D:7      | HP: 39/82 [goliath beetle (23)]
  6708 | D:7      | Reached skill level 9 in Fighting
  7028 | D:7      | Reached skill level 1 in Shields
  7035 | D:7      | Paralysed by a giant eyeball for 3 turns
  7044 | D:7      | Paralysed by a giant eyeball for 2 turns
  7077 | D:7      | Reached skill level 3 in Armour
  7222 | D:7      | Reached skill level 2 in Shields
  7563 | D:7      | Reached skill level 4 in Armour
  7722 | D:8      | Noticed Prince Ribbit
  7729 | D:8      | Killed Prince Ribbit
  7729 | D:8      | Reached skill level 3 in Shields
  7806 | D:8      | Reached skill level 13 in Axes
  7813 | D:8      | Reached skill level 4 in Shields
  7814 | D:8      | Reached XP level 10. HP: 93/93 MP: 4/4
  7869 | D:8      | Reached skill level 5 in Armour
  7922 | D:8      | Reached skill level 10 in Fighting
  8429 | D:8      | Received a gift from Trog
  8620 | D:9      | HP: 65/139 [crocodile (9)]
  8621 | D:9      | Reached skill level 5 in Shields
  8886 | D:9      | Reached skill level 6 in Armour
  9025 | D:9      | Reached skill level 14 in Axes
  9319 | D:9      | Found Ozireur's Antique Weapon Shop.
  9327 | D:9      | Bought a broad axe for 76 gold pieces
  9330 | D:9      | theanonym: ??burdened
  9330 | D:9      | beem: I don't have a page labeled burdened in my learndb.
  9600 | D:10     | Entered Level 10 of the Dungeon
  9839 | D:10     | Reached skill level 6 in Shields
  9848 | D:10     | Reached skill level 7 in Armour
  9849 | D:10     | Reached skill level 11 in Fighting
  9849 | D:10     | Reached XP level 11. HP: 63/102 MP: 4/4
  9946 | D:10     | Found a staircase to the Orcish Mines.
 10543 | D:10     | Received a gift from Trog
 10599 | D:10     | Noticed Grum
 10653 | D:10     | Killed Grum
 10654 | D:10     | Paralysed by a potion of paralysis for 2 turns
 10657 | D:10     | Lost intelligence.
 10660 | D:10     | Gained mutation: You tend to lose your temper in combat. [potion of mutation]
 10660 | D:10     | Gained mutation: You passively map a small area around you. [potion of mutation]
 10735 | D:10     | Paralysed by a yellow wasp for 3 turns
 10738 | D:10     | Reached skill level 15 in Axes
 10993 | D:10     | Found a basalt altar of Yredelemnul.
 11015 | D:10     | Reached skill level 7 in Shields
 11166 | D:10     | HP: 70/153 [yak (8)]
 11171 | D:10     | HP: 67/153 [yak (5)]
 11175 | D:10     | Reached skill level 8 in Armour
 11436 | D:10     | Noticed Fannar
 11450 | D:10     | Killed Fannar
 11618 | Orc:1    | Entered Level 1 of the Orcish Mines
 11618 | Orc:1    | Found Racat's Weapon Shop.
 12233 | Orc:2    | Found Dibihouhap's Food Shop.
 12440 | Orc:2    | Found a roughly hewn altar of Beogh.
 12522 | Orc:2    | Reached skill level 8 in Shields
 12535 | Orc:2    | Found a dark tunnel.
 12552 | Volcano  | Entered a volcano
 12601 | Volcano  | Reached skill level 12 in Fighting
 12980 | Volcano  | Found a bloodstained altar of Trog.
 12980 | Volcano  | Noticed a hell knight
 12985 | Volcano  | Killed a hell knight
 12987 | Volcano  | Reached XP level 12. HP: 107/112 MP: 5/5
 12993 | Volcano  | Reached skill level 9 in Armour
 13080 | Volcano  | Reached skill level 16 in Axes
 13462 | Orc:3    | Found Suacweimm's Assorted Antiques.
 13473 | Orc:3    | Bought a pair of glowing boots for 126 gold pieces
 13473 | Orc:3    | Bought a scroll of identify for 56 gold pieces
 13473 | Orc:3    | Bought a scroll of enchant weapon III for 560 gold pieces
 13477 | Orc:3    | Identified a +0 pair of boots of running (You bought it in a shop on level 3 of the Orcish Mines)
 13770 | Orc:3    | Received a gift from Trog
 14017 | Orc:4    | Entered Level 4 of the Orcish Mines
 14103 | Orc:4    | Found a staircase to the Elven Halls.
 14300 | Orc:4    | Reached skill level 3 in Dodging
 14311 | Orc:4    | Reached skill level 9 in Shields
 14328 | Orc:4    | Reached skill level 4 in Dodging
 14331 | Orc:4    | Received a gift from Trog
 14335 | Orc:4    | Reached skill level 10 in Armour
 14337 | Orc:4    | HP: 84/169 [orc zombie/battleaxe[an orc sorcerer] (4)]
 14640 | Orc:4    | Found Yroulus' General Store.
 14642 | Orc:4    | Found Huus Bry's Antique Armour Emporium.
 14643 | Orc:4    | Found Notruset's Distillery.
 14643 | Orc:4    | Found Craediej's Assorted Antiques.
 14649 | Orc:4    | Bought a scroll of identify for 22 gold pieces
 14649 | Orc:4    | Bought a scroll of identify for 22 gold pieces
 14649 | Orc:4    | Bought a potion of agility for 27 gold pieces
 14657 | Orc:4    | Bought a potion of heal wounds for 123 gold pieces
 14659 | Orc:4    | Bought 2 potions of heal wounds for 102 gold pieces
 14659 | Orc:4    | Bought a potion of heal wounds for 51 gold pieces
 14730 | Orc:4    | HP: 49/113 [boulder beetle (34)]
 14736 | Orc:4    | Reached skill level 13 in Fighting
 15066 | Orc:4    | theanonym: ??drain
 15066 | Orc:4    | beem: drain[1/4]: Reduces your skills until you gain more XP (no long-term effect). Press m to see how much your skills got drained. A potion of experience does not end the effect.
 15066 | Orc:4    | theanonym: ??drain[2
 15066 | Orc:4    | beem: draining brand[1/2]: 1/2 chance of doing an additional (dam/4 + 3) damage (on average) and applying a debuff that reduces HD and is stackable, refreshable, and lasts 20-30 turns. Checks rN and only works against natural enemies. Disliked by good gods.
 15066 | Orc:4    | theanonym: ??drain[3
 15066 | Orc:4    | beem: *drain[1/1]: A randart property which drains you (ignoring rN) when you unequip it.
 15066 | Orc:4    | theanonym: ??drain[4
 15066 | Orc:4    | beem: drain[4/4]: The WD-40 of DCSS development.
 15751 | D:11     | Found a staircase to the Lair.
 15969 | D:11     | Reached skill level 10 in Shields
 16211 | D:11     | Reached skill level 5 in Dodging
 16453 | D:12     | Reached XP level 13. HP: 122/122 MP: 5/5
 16503 | D:12     | Noticed Nessos
 16518 | D:12     | Received a gift from Trog
 16519 | D:12     | Killed Nessos
 16521 | D:12     | HP: 61/122 [poisoned by Nessos]
 16526 | D:12     | HP: 56/122 [poisoned by Nessos]
 16531 | D:12     | HP: 51/122 [poisoned by Nessos]
 16537 | D:12     | HP: 47/122 [poisoned by Nessos]
 16543 | D:12     | HP: 44/122 [poisoned by Nessos]
 16549 | D:12     | HP: 43/122 [poisoned by Nessos]
 16557 | D:12     | HP: 44/122 [poisoned by Nessos]
 16565 | D:12     | HP: 44/122 [poisoned by Nessos]
 17397 | D:12     | Lost intelligence.
 17710 | D:12     | Reached skill level 6 in Dodging
 18081 | Lair:1   | Entered Level 1 of the Lair of Beasts
 18145 | Lair:1   | Reached skill level 11 in Armour
 18154 | Lair:1   | Found a frozen archway.
 18165 | IceCv    | Entered an ice cave
 18194 | IceCv    | Reached skill level 17 in Axes
 18247 | IceCv    | HP: 59/123 [freezing wraith (6)]
 18253 | IceCv    | HP: 54/123 [freezing wraith (10)]
 18255 | IceCv    | HP: 23/123 [freezing wraith (8)]
 18255 | IceCv    | HP: 10/123 [freezing wraith (11)]
 18858 | IceCv    | Found an ancient bone altar of Kikubaaqudgha.
 19168 | IceCv    | Reached skill level 14 in Fighting
 19301 | Lair:1   | Reached skill level 7 in Dodging
 19482 | Lair:1   | Found a burning altar of Makhleb.
 19904 | Lair:2   | Noticed Erica
 19910 | Lair:2   | Killed Erica
 20775 | Lair:2   | Reached skill level 8 in Dodging
 21182 | Lair:3   | Reached XP level 14. HP: 120/133 MP: 5/5
 22382 | Lair:4   | Received a gift from Trog
 22636 | Lair:4   | Reached skill level 18 in Axes
 23541 | Lair:5   | Reached skill level 9 in Dodging
 23542 | Lair:5   | Reached skill level 15 in Fighting
 23803 | Lair:5   | Found a staircase to the Swamp.
 23823 | Lair:5   | Found a staircase to the Snake Pit.
 24646 | Lair:6   | Found a labyrinth entrance.
 24650 | Lab      | Entered a labyrinth
 25195 | Lab      | HP: 98/202 [minotaur/war axe of draining (21)]
 25196 | Lab      | HP: 45/202 [minotaur/war axe of draining (53)]
 25196 | Lab      | HP: 22/202 [minotaur/war axe of draining (23)]
 25196 | Lab      | HP: 2/202 [minotaur/war axe of draining (20)]
 25312 | Lab      | Got a twitching silver ring
 25845 | Lair:6   | Identified the ring of Zegaluub {Fire Str+1 Dex-2 Dam+2} (You found it in a labyrinth)
 25918 | Lair:6   | Reached skill level 10 in Dodging
 27055 | Lair:7   | Reached skill level 11 in Shields
 27830 | Lair:8   | Entered Level 8 of the Lair of Beasts
 28021 | Lair:8   | Reached XP level 15. HP: 135/143 MP: 6/6
 28061 | Lair:8   | Found a burning altar of Makhleb.
 28089 | Lair:8   | Received a gift from Trog
 28089 | Lair:8   | Reached skill level 16 in Fighting
 28093 | Lair:8   | Found a gateway to Hell.
 28104 | Lair:8   | Got a smoking cloak
 28108 | Lair:8   | Identified the +2 cloak "Jakat" {+Fly Int+3} (You found it on level 8 of the Lair of Beasts)
 28691 | Lair:8   | Reached skill level 19 in Axes
 28756 | Lair:8   | Found a staircase to the Slime Pits.
 28854 | Lair:8   | Reached skill level 11 in Dodging
 29128 | Lair:8   | Reached skill level 12 in Armour
 29150 | Lair:8   | Got a sparkling ivory ring
 29860 | D:13     | Identified the ring "Qoteke Fray" {rElec rF+ rC++ Dex+1} (You found it on level 8 of the Lair of Beasts)
 29934 | D:13     | Noticed Erolcha
 29944 | D:13     | Killed Erolcha
 29944 | D:13     | Reached skill level 12 in Shields
 29958 | D:13     | Received a gift from Trog
 29962 | D:13     | Got a jewelled executioner's axe {god gift}
 29983 | D:13     | Identified the +8,+10 executioner's axe of Frustration {god gift, vamp, +Fly rN+} (Trog gifted it to you on level 13 of the Dungeon)
 30071 | D:13     | Noticed Sonja
 30087 | D:13     | Killed Sonja
 30655 | D:14     | Found a gate to the Vaults.
 31616 | D:15     | Entered Level 15 of the Dungeon
 31670 | D:15     | Noticed Urug
 31685 | D:15     | Killed Urug
 31778 | D:15     | Found Xieshat's Weapon Emporium.
 32088 | D:15     | Found a staircase to the Depths.
 32428 | D:15     | Received a gift from Trog
 32429 | D:15     | Got a crystal battleaxe {god gift}
 32443 | D:15     | HP: 59/145 [fire giant/great sword of flaming (22)]
 32450 | D:15     | HP: 47/145 [ogre mage/bolt of cold (3)]
 32456 | D:15     | Reached XP level 16. HP: 57/152 MP: 6/6
 32461 | D:15     | Reached skill level 12 in Dodging
 32464 | D:15     | HP: 66/152 [ogre/giant club[an ogre mage] (5)]
 32870 | Lair:3   | Identified the +2,+3 battleaxe of Orb Guardian's Death {god gift, venom, rN+} (Trog gifted it to you on level 15 of the Dungeon)
 32908 | Snake:1  | Entered Level 1 of the Snake Pit
 32908 | Snake:1  | Found Leukaf's Book Emporium.
 32916 | Snake:1  | Found Braip's Magic Scroll Emporium.
 32933 | Snake:1  | Bought a scroll of identify for 32 gold pieces
 32933 | Snake:1  | Bought a scroll of teleportation for 48 gold pieces
 33128 | Snake:1  | Got a vibrating bone ring
 33129 | Snake:1  | Identified the ring "Ibloiq" {Str+4 Dex+2 Int+3} (You found it on level 1 of the Snake Pit)
 33252 | Snake:1  | Found Etuerodo's Armour Shoppe.
 33280 | Snake:1  | Bought a +2 plate armour of cold resistance for 720 gold pieces
 33387 | Snake:1  | Found Mnucleesh's Distillery.
 33402 | Snake:1  | Reached skill level 13 in Armour
 33416 | Snake:1  | Bought a potion of might for 40 gold pieces
 33416 | Snake:1  | Bought a potion of might for 40 gold pieces
 33561 | Snake:1  | Found Stroum Qiam's Gadget Shoppe.
 33675 | Snake:2  | Reached skill level 20 in Axes
 33809 | Snake:2  | Reached skill level 17 in Fighting
 34048 | Snake:2  | Received a gift from Trog
 34792 | Snake:2  | Noticed Jorgrun
 34810 | Snake:2  | Killed Jorgrun
 34929 | Snake:3  | Reached skill level 13 in Dodging
 35637 | Snake:4  | Found Achoenoy's Armour Shoppe.
 35679 | Snake:4  | HP: 67/155 [naga warrior/halberd (15)]
 35684 | Snake:4  | HP: 110/232 [naga warrior/halberd (1)]
 35693 | Snake:4  | HP: 75/155 [poisoned by a naga warrior (splash of poison)]
 35810 | Snake:4  | Found Moysoank's Armour Shoppe.
 35867 | Snake:4  | Bought a +2 pair of gloves for 159 gold pieces
 36190 | Snake:4  | Found Bruonguc's Armour Shoppe.
 36270 | Snake:4  | Reached XP level 17. HP: 162/162 MP: 6/6
 36666 | Swamp:1  | Entered Level 1 of the Swamp
 36886 | Swamp:1  | Reached skill level 21 in Axes
 37187 | Swamp:1  | Noticed Frances
 37202 | Swamp:1  | Killed Frances
 37287 | Swamp:1  | theanonym: ??stone of tremors
 37287 | Swamp:1  | beem: stone of tremors[1/2]: The earth {elemental evoker} sends a shockwave through walls, which damages monsters and can (rarely) {shaft} them. Also summons up to 3 {earth elemental}s. Also breaks rock (but not stone) walls. Removed in 0.19.
 37507 | Swamp:1  | Received a gift from Trog
 37547 | Swamp:1  | Reached skill level 14 in Armour
 37780 | Swamp:2  | Reached skill level 14 in Dodging
 39613 | Swamp:3  | Reached skill level 18 in Fighting
 39850 | Swamp:4  | Lost mutation: You tend to lose your temper in combat. [potion of cure mutation]
 39850 | Swamp:4  | Lost mutation: You passively map a small area around you. [potion of cure mutation]
 39854 | Swamp:4  | Noticed casual's ghost (mighty DEIE)
 39878 | Swamp:4  | Killed casual's ghost
 39926 | Swamp:4  | Received a gift from Trog
 41442 | Orc:3    | Noticed an orc warlord
 41457 | Orc:3    | Killed an orc warlord
 41625 | Elf:1    | Entered Level 1 of the Elven Halls
 41635 | Elf:1    | Reached skill level 22 in Axes
 41663 | Elf:1    | HP: 82/165 [tarantella[a deep elf summoner] (11)]
 41669 | Elf:1    | HP: 79/165 [deep elf fighter/scimitar (8)]
 42056 | Elf:1    | Got a faintly glowing zirconium amulet
 42063 | Elf:1    | Reached skill level 15 in Armour
 42358 | Elf:1    | Received a gift from Trog
 42359 | Elf:1    | Identified the amulet "Atufoa" {rMut Str+1 Acc+4} (You took it off a deep elf conjurer on level 1 of the Elven Halls)
 42517 | Elf:1    | Reached XP level 18. HP: 171/173 MP: 7/7
 43458 | Elf:2    | Received a gift from Trog
 43478 | Elf:3    | Entered Level 3 of the Elven Halls
 43983 | Swamp:5  | Entered Level 5 of the Swamp
 43983 | Swamp:5  | Noticed Snorg
 43992 | Swamp:5  | Killed Snorg
 44206 | Swamp:5  | Reached skill level 15 in Dodging
 44790 | Swamp:5  | Got a decaying rune of Zot
 44898 | Swamp:5  | Got a twitching tin ring
 44899 | Swamp:5  | Identified the ring "Clerifee" {Dex+1 Int-5} (You found it on level 5 of the Swamp)
 45360 | Snake:5  | Entered Level 5 of the Snake Pit
 45785 | Snake:5  | Found a white marble altar of Elyvilon.
 45881 | Snake:5  | Received a gift from Trog
 46131 | Snake:5  | Noticed Vashnia
 46153 | Snake:5  | Killed Vashnia
 46153 | Snake:5  | Reached skill level 23 in Axes
 46160 | Snake:5  | HP: 83/174 [greater naga/poison arrow (16)]
 46161 | Snake:5  | HP: 40/174 [naga sharpshooter/arrow[Vashnia] (18)]
 46162 | Snake:5  | HP: 3/174 [naga sharpshooter/arrow[Vashnia] (21)]
 46163 | Snake:5  | Killed from afar by a greater naga

Vanquished Creatures
  Vashnia (Snake:5)
  2 thorn hunters (Swamp:5)
  Frances (Swamp:1)
  A fire giant (D:15)
  2 greater nagas
  The ghost of casual the Aerator, a mighty DEIE of Cheibriados (Swamp:4)
  An orc warlord (Orc:3)
  Jorgrun (Snake:2)
  Snorg (Swamp:5)
  A fire dragon (D:14)
  8 vault guards (D:14)
  A minotaur (Lab)
  Fannar (D:10)
  15 naga warriors
  4 shambling mangroves
  29 hydras
  Erica (Lair:2)
  5 alligators
  12 anacondas
  17 death yaks
  4 orc high priests
  2 tengu warriors (D:14)
  15 naga sharpshooters
  Urug (D:15)
  5 spriggans
  A catoblepas (Lair:5)
  A centaur warrior (D:15)
  2 shock serpents (Snake:5)
  A hell knight (Volcano)
  3 salamander mystics
  5 deep elf knights (Elf:1)
  Erolcha (D:13)
  A deep troll (D:12)
  3 deep elf summoners
  An ice statue (IceCv)
  2 spriggan druids (Swamp:5)
  2 hill giants
  An unseen horror (D:14)
  9 swamp dragons
  5 mana vipers
  5 naga ritualists
  12 deep elf conjurers
  A necromancer (IceCv)
  6 orc knights
  5 orc sorcerers
  A wizard (Lair:8)
  4 red wasps
  3 griffons
  4 cyclopes
  5 salamanders
  33 black mambas
  13 elephants
  5 guardian serpents
  A manticore (Volcano)
  2 gargoyles
  The ghost of Rhok the Spear-Bearer, an experienced MiFi (D:5)
  A molten gargoyle (Volcano)
  17 naga magi
  26 spiny frogs
  An orange demon (Lair:8)
  2 feature mimics (D:12)
  A yaktaur (D:13)
  4 fire drakes
  An efreet (D:15)
  2 demonic crawlers
  5 komodo dragons
  5 giant fireflies
  2 centaur skeletons
  7 deep elf priests
  A polar bear (Lair:7)
  4 two-headed ogres
  10 freezing wraiths (IceCv)
  6 giant leeches
  20 blink frogs
  9 bog bodies
  Prince Ribbit (D:8)
  11 trolls
  14 ravens
  2 boulder beetles (Lair:8)
  2 basilisks
  7 thorn lotuses
  2 shadows
  2 water elementals (D:14)
  3 wyverns
  3 wraiths
  2 tarantellas (Elf:1)
  17 ugly things
  A grizzly bear (Lair:8)
  28 slime creatures
  A formicid (shapeshifter) (Elf:1)
  2 redbacks (Elf:1)
  3 fire elementals (Volcano)
  41 yaks
  2 hungry ghosts
  6 sharks
  22 vampire mosquitoes
  A ynoxinul (Orc:4)
  3 elephant slugs
  A toenail golem (Volcano)
  16 deep elf magi
  6 fire bats
  10 hippogriffs
  Grum (D:10)
  11 deep elf fighters
  2 hill giant skeletons
  24 swamp worms
  2 wolves (D:10)
  43 nagas
  3 wargs
  2 necrophages (D:10)
  A hell hound (Lair:8)
  5 sky beasts
  2 soldier ants
  44 water moccasins
  15 porcupines
  2 black bears
  21 orc warriors
  15 swamp drakes
  12 ice beasts
  A tengu skeleton (D:10)
  3 yellow wasps
  2 phantoms
  12 ogres
  A boring beetle (Lair:8)
  4 giant goldfish
  12 crocodiles
  13 centaurs
  3 big kobolds
  21 giant frogs
  11 giant slugs
  5 lava worms
  A komodo dragon skeleton (D:15)
  6 insubstantial wisps (Swamp:2)
  A cyclops zombie (D:15)
  2 gnoll sergeants
  A yaktaur skeleton (D:15)
  A cyclops skeleton (D:11)
  4 scorpions
  An elephant simulacrum (IceCv)
  4 wights (D:10)
  18 killer bees
  An eye of draining (D:12)
  2 yak skeletons (Orc:4)
  4 electric eels
  A basilisk zombie (D:15)
  3 lava snakes (Volcano)
  3 goliath beetles
  2 centaur zombies
  4 quasits
  8 hounds
  3 jellies
  2 draconian simulacra (IceCv)
  Crazy Yiuf (D:6)
  5 human zombies (D:10)
  25 orc priests
  A two-headed ogre zombie (D:10)
  7 crimson imps
  39 orc wizards
  5 big fish
  7 iguanas
  An elf skeleton (D:11)
  A giant frog skeleton (D:10)
  A basilisk skeleton (D:11)
  7 orange rats
  11 worker ants
  14 sheep
  A mottled dragon zombie (D:15)
  3 spriggan simulacra (IceCv)
  A polar bear simulacrum (IceCv)
  5 troll simulacra (IceCv)
  Ijyb (D:4)
  3 centaur simulacra (IceCv)
  Terence (D:2)
  4 mummies
  2 naga simulacra (IceCv)
  2 worker ant zombies
  21 adders
  12 gnolls
  41 green rats
  A steam dragon skeleton (D:11)
  A giant mite (D:1)
  5 ogre simulacra (IceCv)
  12 white imps (IceCv)
  5 shadow imps
  8 worms
  2 inept feature mimics
  3 ufetubi
  3 giant eyeballs
  8 giant geckos
  An ooze (D:1)
  197 orcs
  20 bats
  A bat zombie (D:7)
  3 giant cockroaches
  19 goblins
  20 hobgoblins
  17 jackals
  25 kobolds
  18 quokkas
  2 ball pythons (Lair:5)
  2 giant newts
  A giant spore (D:7)
  A jackal skeleton (D:4)
  An orc skeleton (D:5)
  7 orc zombies
  30 rats
  10 rat skeletons (Orc:4)
  9 ballistomycetes
  5 briar patches
  A bush (Lair:2)
  8 fungi
  8 plants
1645 creatures vanquished.

Vanquished Creatures (collateral kills)
  A thorn hunter (Swamp:2)
  Nessos (D:12)
  An ogre mage (D:15)
  A sun demon (Lair:8)
  A sixfirhy (Lair:8)
  A cyclops (D:13)
  5 orange demons (Lair:8)
  A hellwing (Lair:8)
  3 blue devils (Lair:8)
  Sonja (D:13)
  A boulder beetle (Orc:4)
  An ogre (D:15)
  A brain worm (D:12)
  A crocodile (D:12)
  A hell hound zombie (Lair:8)
  A swamp dragon simulacrum (IceCv)
  2 orc wizards
  A polar bear simulacrum (IceCv)
  An orc (D:12)
26 creatures vanquished.

Vanquished Creatures (others)
  2 trolls
  A two-headed ogre (IceCv)
  A deep elf mage (Elf:1)
  A swamp worm (Swamp:5)
  An ogre (IceCv)
  A crimson imp (D:7)
  An orange rat (Elf:2)
  An orc (D:7)
  A jackal (D:9)
  2 kobolds
  A giant gecko (D:7)
  5 giant spores
  A rat skeleton (Orc:4)
  2 briar patches (Swamp:5)
  3 fungi
24 creatures vanquished.

Grand Total: 1695 creatures vanquished
